 Dungeon Crawl Stone Soup version 0.26.1-2-gb8aa6d0cf2 (webtiles) character file.

Game seed: 17346220488519916403

49 Descartes the Magician (level 3, -2/19 HPs)
             Began as a Deep Elf Wanderer on Feb 13, 2021.
             Slain by a phantom (6 damage)
             ... on level 2 of the Dungeon.
             The game lasted 00:06:27 (1841 turns).

Descartes the Magician (Deep Elf Wanderer)          Turns: 1841, Time: 00:06:28

Health: -2/19      AC:  4    Str:  8    XL:     3   Next: 53%
Magic:  1/14       EV: 10    Int: 20    God:
Gold:   79         SH:  0    Dex: 12    Spells: 14/17 levels left

rFire    . . .     SeeInvis .   a - +0 dagger
rCold    + . .     Faith    .   (no shield)
rNeg     . . .     Spirit   .   i - +0 leather armour
rPois    .         Reflect  .   (no helmet)
rElec    .         Harm     .   (no cloak)
rCorr    .         Rampage  .   k - +0 pair of gloves
Will     .....                  (no boots)
Stlth    ++........             (no amulet)
HPRegen  0.06/turn              c - ring of protection from cold
MPRegen  0.14/turn              s - ring of flight

@: no status effects
A: no striking features
a: Evoke Flight


You were on level 2 of the Dungeon.
You visited 1 branch of the dungeon, and saw 2 of its levels.

You collected 79 gold pieces.

Inventory:

Hand Weapons
 a - a +0 dagger (weapon)
 l - a +0 hunting sling
Missiles
 j - 18 stones (quivered)
 n - 12 arrows
Armour
 d - a +0 robe
 i - a +0 leather armour (worn)
 k - a +0 pair of gloves (worn)
Jewellery
 c - a ring of protection from cold (left hand)
 s - a ring of flight (right hand)
Scrolls
 b - 2 scrolls of remove curse {unknown}
 e - 4 scrolls of identify {unknown}
 o - a scroll of fog {unknown}
 p - a scroll of enchant armour {unknown}
 q - 2 scrolls of amnesia {unknown}
 r - a scroll of magic mapping {unknown}
Potions
 f - a potion of curing {unknown}
 g - a potion of flight {unknown}
 h - a potion of magic {unknown}
 m - a potion of heal wounds {unknown}


   Skills:
 - Level 3.0 Stealth
 + Level 7.5 Spellcasting
 + Level 1.2 Conjurations
 - Level 2.4 Necromancy
 * Level 2.4 Ice Magic
 + Level 1.0 Earth Magic


You had 14 spell levels left.
You knew the following spells:

 Your Spells              Type           Power        Failure   Level
a - Freeze                Ice            68%          4%          1
b - Magic Dart            Conj           48%          8%          1
c - Sandblast             Erth           22%          9%          1

Your spell library contained the following spells:

 Spells                   Type           Power        Failure   Level
 Frozen Ramparts          Ice            34%          14%         3
 Blink                    Tloc           N/A          21%         2
 Call Imp                 Summ           7%           21%         2
 Slow                     Hex            7%           21%         2
 Stone Arrow              Conj/Erth      24%          24%         3
 Conjure Flame            Conj/Fire      10%          30%         3
 Mephitic Cloud           Conj/Pois/Air  9%           32%         3


Dungeon Overview and Level Annotations

Branches:
Dungeon (2/15)

Altars:


Message History

Aim: a phantom (heavily damaged)
The phantom resists.
You freeze the phantom.
The phantom is heavily damaged.
The phantom blinks!
Your magical contamination has completely faded away.
The phantom blinks!
The phantom barely misses you.
Casting: Freeze (safe; 4% risk of failure)
Confirm with . or Enter, or press ? or * to list all spells.
Aiming: Magic Dart (safe; 8% risk of failure)
Press: ? - help, Shift-Dir - straight line, f/p - phantom
Aim: a phantom (heavily damaged, 0% to evade)
The magic dart hits the phantom.
The phantom is heavily damaged.
The phantom hits you!
* * * LOW HITPOINT WARNING * * *
There is an open door here.
There is a stone staircase leading up here.
The phantom hits you.
You die...

# .. ###### #.
##########.
....<#
#.####...?......
####.#
#...............
#.#
#..............
#.#
+....@.........
#.#
#...W..........
#.###
###'#..........
####.#..
#.#....#####>
#....#.##
#.######
#.####..#
#......# #.#
#..# ######.#
#.####..#
#...#.#
........#
#####.#.#W#


You could see a phantom.

Vanquished Creatures
  An adder (D:2)
  A shadow imp (D:1)
  2 dart slugs (D:1)
  2 leopard geckos (D:1)
  2 giant cockroaches (D:1)
  6 goblins
  2 hobgoblins (D:1)
  A kobold (D:1)
  2 bats (D:1)
  2 frilled lizards
  6 rats
27 creatures vanquished.

Notes
Turn   | Place    | Note
-------+----------+-------------------------------------------
     0 | D:1      | Descartes the Deep Elf Wanderer began the quest for the
                  | Orb.
     0 | D:1      | Descartes set off with the following items: a +0 dagger, a
                  | +0 robe; and the following spells available to memorise:
                  | Freeze, Magic Dart, Sandblast, Blink, Call Imp, Slow,
                  | Frozen Ramparts, Conjure Flame, Mephitic Cloud, Stone Arrow
     0 | D:1      | Reached XP level 1. HP: 10/10 MP: 10/10
     2 | D:1      | Learned a level 1 spell: Freeze
     4 | D:1      | Learned a level 1 spell: Magic Dart
     6 | D:1      | Learned a level 1 spell: Sandblast
   215 | D:1      | Reached XP level 2. HP: 15/15 MP: 10/12
  1046 | D:1      | Reached skill level 1 in Conjurations
  1251 | D:1      | Reached XP level 3. HP: 19/19 MP: 11/13
  1729 | D:2      | Reached skill level 1 in Earth Magic
  1791 | D:2      | Noticed a phantom
  1841 | D:2      | Slain by a phantom

Illustrated notes

Levels and vault maps discovered:
D:1:      beargit_arrival_greenhouse, layout_loops_corners
D:2:      layout_basic, chequers_temple_overflow_statue_of_worship

Skill      XL: |  1  2  3 |
---------------+----------+-----
Ice Magic      | 2 |  2.4
Conjurations   | 1 |  1.2
Stealth        | 3 |  3.0
Earth Magic    | 1 |  1.0
Spellcasting   | |  7.5
Necromancy     | |  2.4

Action                   || total
-------------------------++-------
Melee: Dagger            ||     4
 Cast: Freeze            ||    44
       Magic Dart        ||    13
       Sandblast         ||     7
Armor: Robe              ||     4
       Leather armour    ||     4
Dodge: Dodged            ||    22
